 Dungeon Sprint DCSS version 0.31-a0-590-g8a5a4361df (webtiles) character file.

Game seed: 8930232406368986019

0 zazu2006 the Magician (level 1, -2/17 HPs)
             Began as a Gnoll Wanderer on Aug 19, 2023.
             Slain by a river rat (9 damage)
             ... in the Dungeon (Sprint IV: "Fedhas' Mad Dash").
             The game lasted 00:00:12 (14 turns).

zazu2006 the Magician (Gnoll Wanderer)                Turns: 14, Time: 00:00:13

Health: -2/17      AC:  2    Str:  9    XL:     1   Next: 10%
Magic:  2/6        EV: 10    Int: 13    God:
Gold:   0          SH:  5    Dex: 11    Spells: 8/9 levels left

rFire   . . .        a - +0 dagger
rCold   . . .        b - +0 buckler
rNeg    . . .        d - +0 robe
rPois   .            (no helmet)
rElec   .            (no cloak)
rCorr   .            (no gloves)
SInv    .            (no boots)
Will    .....        (no amulet)
Stlth   +            (no ring)
HPRegen 0.22/turn    (no ring)
MPRegen 0.10/turn

%: no teleportation
@: very slightly contaminated
A: fangs 1, strong nose, distributed training
a: no special abilities


You were in the Dungeon.
You visited 1 branch

Inventory:

Hand Weapons
 a - a +0 dagger (weapon)
Armour
 b - a +0 buckler (worn)
 d - a +0 robe (worn)
Scrolls
 c - 2 scrolls of blinking
 e - a scroll of fog
Potions
 f - a potion of curing
 g - a potion of heal wounds
 h - a potion of haste
 i - 2 potions of magic
 j - a potion of berserk rage


   Skills:
 + Level 2.4 Fighting
 + Level 0.2 Short Blades
 + Level 0.2 Long Blades
 + Level 0.2 Axes
 + Level 0.2 Maces & Flails
 + Level 0.2 Polearms
 + Level 0.2 Staves
 + Level 0.2 Ranged Weapons
 + Level 2.4 Throwing
 + Level 0.2 Armour
 + Level 0.2 Dodging
 + Level 0.2 Stealth
 + Level 4.4 Shields
 + Level 2.4 Unarmed Combat
 + Level 4.9 Spellcasting
 + Level 0.1 Conjurations
 + Level 0.1 Hexes
 + Level 0.1 Summonings
 + Level 0.1 Necromancy
 + Level 0.1 Translocations
 + Level 0.1 Transmutations
 + Level 0.1 Fire Magic
 + Level 0.1 Ice Magic
 + Level 0.1 Air Magic
 + Level 0.1 Earth Magic
 + Level 3.6 Poison Magic
 + Level 0.3 Invocations
 + Level 2.4 Evocations
 + Level 0.1 Shapeshifting


You had 8 spell levels left.
You knew the following spells:

 Your Spells              Type           Power      Damage    Failure   Level
a - Sting                 Tmut/Pois      32%        1d4       13%         1

Your spell library contained the following spells:

 Spells                   Type           Power      Damage    Failure   Level
 Poisonous Vapours        Pois/Air       16%        N/A       19%         2
 Mephitic Cloud           Conj/Pois/Air  6%         N/A       43%         3


Dungeon Overview and Level Annotations

Branches:
Dungeon (1/1)

Altars:


Innate Abilities, Weirdness & Mutations

You have very sharp teeth.
Your uncanny sense of smell can sniff out nearby items.
Your experience applies equally to all skills.


Message History

The river rat is poisoned.
Unknown command.
You barely miss the river rat.
The river rat is lightly wounded.
The river rat barely misses you.
You barely miss the river rat.
The river rat is lightly wounded.
You block the river rat's attack.
You barely miss the river rat.
The river rat is lightly wounded.
The river rat misses you.
You hit the river rat. Your bite misses the river rat.
The river rat is heavily wounded.
The river rat looks more healthy.
The river rat bites you.
Casting: Sting (safe; 13% risk of failure)
Confirm with . or Enter, or press ? or * to list all spells.
Aiming: Sting (safe; 13% risk of failure)
Press: ? - help, Shift-Dir - straight line, f/p - river rat
Aim: a river rat (heavily wounded, 64% to hit)
You miscast Sting.
You are very lightly contaminated with residual magic.
Nothing appears to happen.
The river rat barely misses you.
Unknown command.
Casting: Sting (safe; 13% risk of failure)
Confirm with . or Enter, or press ? or * to list all spells.
Aiming: Sting (safe; 13% risk of failure)
Press: ? - help, Shift-Dir - straight line, f/p - river rat
Aim: a river rat (heavily wounded, 64% to hit)
The sting misses the river rat.
The sting hits the rat.
The rat is poisoned.
The rat is heavily wounded.
You kill the rat!
The river rat bites you.
Casting: Sting (safe; 13% risk of failure)
Confirm with . or Enter, or press ? or * to list all spells.
Aiming: Sting (safe; 13% risk of failure)
Press: ? - help, Shift-Dir - straight line, f/p - river rat
Aim: a river rat (heavily wounded, 64% to hit)
The sting misses the river rat.
The river rat bites you!
Ouch! That really hurt!
You die...

############
#<..P#.....#
#PP.@r†[...+
#PPPP#.....#
############
∆ ∆∆∆∆


You could see a river rat.

Vanquished Creatures
  A rat (D)
1 creature vanquished.

Notes
Turn   | Place    | Note
-------+----------+-------------------------------------------
     0 | D        | zazu2006 the Gnoll Wanderer began the quest for the Orb.
     0 | D        | zazu2006 set off with the following items: a +0 dagger, a
                  | +0 buckler, 2 scrolls of blinking, a +0 robe, a scroll of
                  | fog, a potion of curing, a potion of heal wounds, a potion
                  | of haste, 2 potions of magic, a potion of berserk rage; and
                  | the following spell memorised: Sting; and the following
                  | spells available to memorise: Poisonous Vapours, Mephitic
                  | Cloud.
     0 | D        | Reached XP level 1. HP: 17/17 MP: 6/6
    14 | D        | Slain by a river rat

Illustrated notes

Levels and vault maps discovered:
D:        dungeon_sprint_fedhas [sprint_temple]

Action                     || total
---------------------------++-------
  Melee: Dagger            ||     4
   Cast: Sting             ||     4
  Dodge: Dodged            ||     3
  Block: Buckler           ||     1

Table legend: (Time is in decaauts)
 A = Elapsed time spent in this place.
 B = Non-inter-level travel time spent in this place.
 C = Inter-level travel time spent in this place.
 D = Time resting spent in this place.
 E = Time spent auto-exploring this place.
 F = Levels seen in this place.
 G = Mean time per level.
                   A        B        C        D        E       F      G
               +--------+--------+--------+--------+--------+-----+--------+
         Total |     14 |     14 |      0 |      0 |      0 |   1 |   14.0 |
       Dungeon |     14 |     14 |      0 |      0 |      0 |   1 |   14.0 |
               +--------+--------+--------+--------+--------+-----+--------+

Top non-repeatable levels by time:
       D: 14 daAuts
